 Dungeon Crawl Stone Soup version 0.27-a0-1202-ge72e49191c (webtiles) character file.

Game seed: 1664569412428462748

2452 Mesmaeker13 the Fighter (level 9, -7/71 (74) HPs)
             Began as a Barachi Hunter on June 4, 2021.
             Was an Initiate of Nemelex Xobeh.
             Mangled by a troll (12 damage)
             ... on level 6 of the Dungeon.
             The game lasted 00:13:07 (4794 turns).

Mesmaeker13 the Fighter (Barachi Hunter)            Turns: 4794, Time: 00:13:08

HP:   -7/71 (74)    AC: 15    Str: 18    XL:     9   Next: 50%
MP:   9/9           EV:  7    Int: 11    God:    Nemelex Xobeh [......]
Gold: 1079          SH:  0    Dex: 14    Spells: 8/8 levels left

rFire    . . .     SeeInvis +   f - +1 battleaxe (vorpal)
rCold    . . .     Faith    .   (shield currently unavailable)
rNeg     + . .     Spirit   .   F - +0 plate armour
rPois    .         Reflect  .   (no helmet)
rElec    .         Harm     .   (no cloak)
rCorr    .         Rampage  .   (no gloves)
Will     .....                  w - +1 pair of boots "Hihomeib" {Dex+2}
Stlth    ..........             k - amulet of regeneration
HPRegen  1.21/turn              v - ring of see invisible
MPRegen  0.11/turn              x - ring of positive energy

@: lightly drained, slow
A: amphibious, slowness 1, strong legs 1, +LOS
a: Hop, Renounce Religion, Draw Escape, Draw Destruction, Draw Summoning


You were on level 6 of the Dungeon.
You worshipped Nemelex Xobeh.
Nemelex Xobeh was noncommittal.
You visited 2 branches of the dungeon, and saw 10 of its levels.
You also visited: Bailey.

You collected 1079 gold pieces.

Inventory:

Hand Weapons
 a - a +1 shortbow
 c - a +0 broad axe
 f - a +1 vorpal battleaxe (weapon)
 n - a +2 whip of electrocution
Missiles
 d - 132 arrows
 e - a curare-tipped dart
 i - 6 javelins (quivered)
 A - 2 throwing nets
Armour
 w - the +1 pair of boots "Hihomeib" (worn) {Dex+2}
   (You found it on level 4 of the Dungeon)

   It affects your dexterity (+2).
 F - a +0 plate armour (worn)
Jewellery
 k - an amulet of regeneration (around neck)
 v - a ring of see invisible (left hand)
 x - a ring of positive energy (right hand)
 B - a ring of willpower
 D - a ring of poison resistance
Wands
 j - a wand of flame (6)
 E - a wand of charming (7)
Scrolls
 b - a scroll of holy word
 l - 3 scrolls of magic mapping
 o - a scroll of blinking
 p - 2 scrolls of fear {unknown}
 r - a scroll of enchant armour {unknown}
 s - a scroll of brand weapon {unknown}
 y - 2 scrolls of fog {unknown}
 z - a scroll of teleportation {unknown}
 C - a scroll of noise {unknown}
Potions
 g - 3 potions of degeneration
 h - a potion of curing {unknown}
 q - 3 potions of attraction
 t - a potion of cancellation {unknown}
 u - 2 potions of heal wounds {unknown}
Miscellaneous
 m - a lightning rod (2/4)


   Skills:
 + Level 8.1 Fighting
 + Level 5.9 Axes
 - Level 0.2(3.6) Maces & Flails
 - Level 6.7 Bows
 + Level 7.1 Armour
 - Level 3.0 Dodging
 - Level 0.8 Stealth
 + Level 3.6 Evocations


You had 8 spell levels left.
You didn't know any spells.
Your spell library contained the following spells:

 Spells                   Type           Power      Damage    Failure   Level
 Beastly Appendage        Tmut           0%         N/A       100%        1
 Corona                   Hex            0%         N/A       100%        1
 Freeze                   Ice            0%         1d3       100%        1
 Ensorcelled Hibernation  Hex/Ice        0%         N/A       100%        2
 Wereblood                Tmut           0%         N/A       100%        2
 Confusing Touch          Hex            0%         N/A       100%        3
 Dazzling Flash           Conj/Hex       0%         N/A       100%        3
 Frozen Ramparts          Ice            0%         1d2       100%        3
 Ozocubu's Armour         Ice            0%         N/A       100%        3
 Spider Form              Tmut/Pois      0%         N/A       100%        3
 Tukima's Dance           Hex            0%         N/A       100%        3
 Hailstorm                Conj/Ice       0%         3d3       100%        4
 Ice Form                 Ice/Tmut       0%         N/A       100%        4
 Hydra Form               Tmut           0%         N/A       100%        5
 Metabolic Englaciation   Hex/Ice        0%         N/A       100%        5


Dungeon Overview and Level Annotations

Branches:
Dungeon (9/15)             Temple (1/1) D:6          Bailey (visited)
   Lair: D:8-11         Orc: D:9-12

Altars:
Ashenzari
Cheibriados
Dithmenos
Hepliaklqana
Makhleb
Nemelex Xobeh
Okawaru
Qazlal
Ru
Xom
Zin
The Shining One

Annotations:
D:4 2 transporters
D:8 1 transporter, Tribosh's ghost, novice FoFi


Innate Abilities, Weirdness & Mutations

You are amphibious.
You cover ground slowly.
You can hop short distances.
You have an extended range of vision and can be seen from far away.


Message History

You climb upwards.
There is a stone staircase leading down here.
You hit the troll.
The troll is lightly wounded.
The troll bites you! The troll barely misses you. x2
You closely miss the troll.
The troll is lightly wounded.
The troll bites you. The troll claws you. The troll barely misses you.
The troll bites you but does no damage. The troll claws you but does no damage.
The troll claws you.
You closely miss the troll.
The troll is lightly wounded.
The troll bites you but does no damage. The troll closely misses you.
The troll barely misses you.
You slash the troll!
The troll is heavily wounded.
The troll bites you but does no damage. The troll claws you but does no damage.
The troll claws you.
You hit the troll.
The troll is severely wounded.
The troll bites you.
The troll claws you but does no damage. x2
The troll bites you.
The troll claws you but does no damage. x2
You hit the troll.
The troll is severely wounded.
The troll bites you! The troll claws you!
The troll claws you but does no damage.
You closely miss the troll.
The troll is severely wounded.
The troll bites you!
* * * LOW HITPOINT WARNING * * *
The troll claws you but does no damage. x2; The troll closely misses you.
The troll claws you.
* * * LOW HITPOINT WARNING * * *
The troll claws you but does no damage.
Unknown command.
You hit the troll.
The troll is almost dead.
The troll bites you!
You die...
Your body disappears without a glow.

#....# #.........######## ###
####.###..........#...[.# ..#
#..................... ..#
#####................. ..####
#................. .....#
#...(.............
####.#######
##...........<.....
#.......####..................
#######...##.@................
###.....T........#.....#
##########.###.#[############
##...#......# #.#.#
##.........### #...#
#...........# #####
#........<..# #.>.........#
##.........##


You could see a troll.

Vanquished Creatures
  An orc knight (Bailey)
  3 ice beasts
  2 orc warriors (Bailey)
  2 black bears
  A sky beast (D:6)
  An ogre (D:5)
  A bullfrog (D:6)
  A scorpion (D:5)
  A wyvern skeleton (D:6)
  A water moccasin skeleton (D:6)
  A water moccasin zombie (D:6)
  4 wights
  2 howler monkeys
  2 hounds
  2 centaur zombies
  2 jellies (D:5)
  A bullfrog skeleton (D:6)
  An orc priest (D:7)
  An iguana (D:3)
  Ijyb (D:5)
  2 orc wizards
  A killer bee zombie (D:6)
  2 hound skeletons (D:5)
  10 gnolls
  2 howler monkey skeletons
  8 adders
  An adder skeleton (D:4)
  2 worms (D:2)
  A dart slug (D:2)
  11 orcs
  6 endoplasms
  7 giant cockroaches
  12 goblins
  10 hobgoblins
  7 jackals
  16 kobolds
  4 quokkas
  3 ball pythons
  5 bats
  2 frilled lizards (D:3)
  7 rats
150 creatures vanquished.

Notes
Turn   | Place    | Note
-------+----------+-------------------------------------------
     0 | D:1      | Mesmaeker13 the Barachi Hunter began the quest for the Orb.
     0 | D:1      | Reached XP level 1. HP: 17/17 MP: 1/1
    90 | D:1      | Reached XP level 2. HP: 23/23 MP: 2/2
   192 | D:1      | Reached skill level 3 in Fighting
   649 | D:2      | Reached XP level 3. HP: 29/29 MP: 3/3
   949 | D:2      | Reached XP level 4. HP: 2/35 MP: 4/4
   980 | D:2      | Reached skill level 1 in Armour
  1031 | D:2      | Found a hazy altar of Hepliaklqana.
  1536 | D:3      | Found a faded altar of an unknown god.
  1569 | D:3      | Reached skill level 4 in Fighting
  1569 | D:3      | Reached XP level 5. HP: 36/42 MP: 5/5
  1647 | D:3      | Found a shadowy altar of Dithmenos.
  1831 | D:3      | Reached skill level 5 in Bows
  2231 | D:4      | Identified a scroll of acquirement
  2232 | D:4      | Acquired a +1 vorpal battleaxe
  2272 | D:4      | Identified the +1 pair of boots "Hihomeib" {Dex+2}
  2480 | D:4      | Reached XP level 6. HP: 49/49 MP: 6/6
  2480 | D:4      | Found a transporter.
  2500 | D:4      | Found a transporter.
  2505 | D:4      | Found a shimmering altar of Xom.
  2757 | D:5      | Entered Level 5 of the Dungeon
  2757 | D:5      | Noticed Ijyb
  2757 | D:5      | Noticed an ice beast
  2766 | D:5      | Killed Ijyb
  2767 | D:5      | Reached skill level 1 in Axes
  2777 | D:5      | Killed an ice beast
  2778 | D:5      | Reached skill level 5 in Fighting
  2935 | D:5      | Reached XP level 7. HP: 32/56 MP: 7/7
  2975 | D:5      | Found a snail-covered altar of Cheibriados.
  3415 | D:6      | Reached skill level 6 in Fighting
  3415 | D:6      | Reached XP level 8. HP: 53/64 MP: 8/8
  3431 | D:6      | Reached skill level 5 in Armour
  3457 | D:6      | Found a staircase to the Ecumenical Temple.
  3464 | Temple   | Entered the Ecumenical Temple
  3476 | Temple   | Became a worshipper of Nemelex Xobeh the Trickster
  3614 | D:6      | Identified the +6 mace "Deppiz" {pain, Int+2 Dex+3}
  3804 | D:6      | You fall into a shaft and drop 3 floors!
  3920 | D:8      | Found a transporter.
  3920 | D:8      | Noticed Tribosh's ghost (novice FoFi)
  3954 | D:8      | Reached skill level 7 in Fighting
  3966 | D:8      | Reached skill level 1 in Evocations
  3989 | D:8      | Noticed a two-headed ogre
  4153 | D:8      | Found a flagged portal.
  4167 | Bailey   | Entered a bailey
  4273 | Bailey   | Noticed an orc knight
  4324 | Bailey   | HP: 2/67 [orc knight/+0 broad axe (12)]
  4346 | Bailey   | Killed an orc knight
  4347 | Bailey   | Reached skill level 5 in Axes
  4347 | Bailey   | Reached XP level 9. HP: 31/73 MP: 9/9
  4512 | Bailey   | Found a burning altar of Makhleb.
  4628 | D:7      | Reached skill level 8 in Fighting
  4632 | D:7      | Noticed a troll
  4644 | D:7      | Noticed a boulder beetle
  4794 | D:6      | Mangled by a troll

Illustrated notes

Levels and vault maps discovered:
D:1:      minmay_arrival_four_houses, layout_rooms
D:2:      layout_loops_ring, basic_altar, serial_glass, glass_columns_b,
          glass_columns_a
D:3:      layout_rooms, nicolae_dithmenos_the_darkroom,
          ebering_ecumenical_altar_sacrificial
D:4:      layout_cave_pods, gammafunk_temple_overflow_arena
D:5:      layout_basic, lemuel_doored_altar, uniq_ijyb
D:6:      layout_rooms, minmay_temple_entry_mini_moons
D:7:      layout_rooms, chequers_mini_garden, minmay_manual_mess
D:8:      layout_cave_pools, kennysheep_ying_yang,
          nicolae_overflow_quartered_altars, enter_bailey_5,
          gammafunk_ghost_arena, serial_gnoll_camp, gnoll_camp_mini_hut,
          gnoll_camp_mini_hut, gnoll_camp_mini_basic, gnoll_camp_mini_basic,
          gnoll_camp_mini_shop
D:9:      layout_layer_cave, kennysheep_small_spiral,
          minmay_misc_feat_four_crosses
Temple:   dshaligram_water_room_temple

Skill      XL: |  1  2  3  4  5  6  7  8  9 |
---------------+----------------------------+-----
Fighting       | 3 4 5 6 7 8 |  8.1
Dodging        | 3 |  3.0
Armour         | 1 2 3 4 6 7 |  7.1
Bows           | 5 6 |  6.7
Axes           | 2 3 5 |  5.9
Evocations     | 2 3 |  3.6
Maces & Flails | |  0.2
Stealth        | |  0.8

Action                   |  1- 3 |  4- 6 |  7- 9 || total
-------------------------+-------+-------+-------++-------
Melee: Short sword       |    44 |     4 |       ||    48
       Whip              |       |   110 |       ||   110
       Battleaxe         |       |    65 |   146 ||   211
 Fire: Shortbow          |    35 |       |    97 ||   132
Throw: Dart              |    17 |     1 |     1 ||    19
       Javelin           |       |     2 |     8 ||    10
       Throwing net      |       |       |     2 ||     2
Evoke: Wand              |       |       |     3 ||     3
       Lightning rod     |       |       |     2 ||     2
  Use: Potion            |     1 |     2 |       ||     3
       Scroll            |       |     5 |     2 ||     7
Armor: Leather armour    |    15 |       |       ||    15
       Chain mail        |     9 |   149 |    93 ||   251
       Plate armour      |       |       |    54 ||    54
Dodge: Dodged            |    37 |    79 |    96 ||   212

Table legend: (Time is in decaauts)
 A = Elapsed time spent in this place.
 B = Non-inter-level travel time spent in this place.
 C = Inter-level travel time spent in this place.
 D = Time resting spent in this place.
 E = Time spent auto-exploring this place.
 F = Levels seen in this place.
 G = Mean time per level.
                   A        B        C        D        E       F      G
               +--------+--------+--------+--------+--------+-----+--------+
         Total |   5609 |   5438 |    171 |    458 |   3103 |  11 |  509.9 |
       Dungeon |   5161 |   5000 |    161 |    458 |   3103 |   9 |  573.4 |
        Temple |     25 |     16 |      9 |      0 |      0 |   1 |   25.0 |
        Bailey |    421 |    421 |      0 |      0 |      0 |   1 |  421.0 |
               +--------+--------+--------+--------+--------+-----+--------+

Top non-repeatable levels by time:
     D:2: 1089 daAuts
     D:4: 889 daAuts
     D:5: 705 daAuts
     D:6: 684 daAuts
     D:1: 680 daAuts
     D:3: 584 daAuts
  Bailey: 421 daAuts
     D:7: 203 daAuts
     D:8: 188 daAuts
     D:9: 135 daAuts
  Temple: 25 daAuts
